[ AOE2 MATCH · #504860693 ]
UnrankedVikings vs Burgundians
Player's team · LOSS
[ REPLAY ANALYSIS · EXTRACTED FROM THE RECORDED GAME ]
Feudal
10:18
Castle
21:44
Imperial
—
| APM avg | 34.1 |
| APM peak | 65 |
| eAPM avg | 21.7 |
| Villagers / military | 83 / 60 |
Focus
⚔️ 39.0% · 🌾 61.0%
Spearman ×33 · Archer ×12 · Skirmisher ×10 · Monk ×4 · Scout Cavalry ×1
Feudal
9:35
Castle
21:50
Imperial
—
| APM avg | 32.6 |
| APM peak | 60 |
| eAPM avg | 16.6 |
| Villagers / military | 93 / 119 |
Focus
⚔️ 24.7% · 🌾 75.3%
Knight ×93 · Archer ×13 · Battering Ram ×6 · Scout Cavalry ×5 · Spearman ×1 · Flemish Militia ×1
Match map
Initial resources + every placement click. Lines = walls · curves = elevation contours. ◆ gold · ⬟ stone · ● berries · ✦ relic · ◌ wall gap
Your base· Open — 9t gap
akbaba's base· Open — 6t gap
Smoothed initial terrain · ◌ = detected wall gap · hover for details
Inputs per minute
— pabloic16 - - akbaba
Build order — pabloic16
First 150 of 250 actions detected
| 0:01 | Research | Loom |
| 0:03 | Build | House |
| 0:04 | Build | House |
| 0:07 | Queue | Villager (Male) |
| 0:07 | Queue | Villager (Male) |
| 0:18 | Queue | Villager (Male) |
| 0:18 | Queue | Villager (Male) |
| 0:18 | Queue | Villager (Male) |
| 1:31 | Queue | Villager (Male) |
| 1:32 | Queue | Villager (Male) |
| 2:01 | Queue | Villager (Male) |
| 2:01 | Queue | Villager (Male) |
| 2:14 | Build | Lumber Camp |
| 2:22 | Queue | Villager (Male) |
| 2:22 | Queue | Villager (Male) |
| 2:22 | Queue | Villager (Male) |
| 2:46 | Queue | Villager (Male) |
| 2:46 | Queue | Villager (Male) |
| 3:08 | Queue | Villager (Male) |
| 3:08 | Queue | Villager (Male) |
| 3:08 | Queue | Villager (Male) |
| 3:42 | Queue | Villager (Male) |
| 3:42 | Queue | Villager (Male) |
| 4:10 | Queue | Villager (Male) |
| 4:10 | Queue | Villager (Male) |
| 4:25 | Build | House |
| 4:43 | Build | Mill |
| 4:46 | Queue | Villager (Male) |
| 4:47 | Queue | Villager (Male) |
| 4:56 | Queue | Villager (Male) |
| 4:56 | Queue | Villager (Male) |
| 5:14 | Queue | Villager (Male) |
| 5:14 | Queue | Villager (Male) |
| 5:34 | Queue | Villager (Male) |
| 5:35 | Queue | Villager (Male) |
| 6:11 | Queue | Villager (Male) |
| 6:18 | Build | House |
| 6:35 | Queue | Villager (Male) |
| 6:41 | Queue | Villager (Male) |
| 7:08 | Queue | Villager (Male) |
| 7:08 | Queue | Villager (Male) |
| 8:08 | Research | Feudal Age |
| 8:08 | Research | Feudal Age |
| 8:22 | Build | Lumber Camp |
| 8:41 | Queue | Villager (Male) |
| 8:41 | Queue | Villager (Male) |
| 9:07 | Build | Barracks |
| 9:46 | Queue | Villager (Male) |
| 10:18 | Age | Feudal Age |
| 10:21 | Build | Stable |
| 10:23 | Research | Double-Bit Axe |
| 10:29 | Queue | Spearman |
| 10:37 | Build | House |
| 10:43 | Build | House |
| 10:45 | Queue | Villager (Male) |
| 10:48 | Research | Town Watch |
| 11:07 | Build | House |
| 11:24 | Build | Archery Range |
| 11:26 | Queue | Villager (Male) |
| 11:33 | Build | Palisade Wall |
| 11:36 | Build | Palisade Wall |
| 11:37 | Queue | Villager (Male) |
| 11:38 | Queue | Villager (Male) |
| 11:46 | Queue | Spearman |
| 11:50 | Queue | Villager (Male) |
| 12:05 | Queue | Scout Cavalry |
| 12:25 | Build | Farm |
| 12:25 | Build | Farm |
| 12:25 | Build | Farm |
| 12:25 | Build | Farm |
| 12:26 | Build | Farm |
| 12:26 | Build | Farm |
| 12:34 | Queue | Villager (Male) |
| 12:55 | Queue | Archer |
| 13:07 | Build | Mining Camp |
| 13:13 | Build | Farm |
| 13:13 | Queue | Villager (Male) |
| 13:17 | Build | Farm |
| 13:27 | Queue | Villager (Male) |
| 13:27 | Queue | Villager (Male) |
| 13:30 | Build | Farm |
| 13:41 | Build | Farm |
| 13:51 | Queue | Villager (Male) |
| 13:56 | Build | Farm |
| 14:02 | Build | Farm |
| 14:04 | Queue | Villager (Male) |
| 14:04 | Queue | Villager (Male) |
| 14:12 | Queue | Archer |
| 14:19 | Queue | Villager (Male) |
| 14:19 | Queue | Villager (Male) |
| 14:27 | Queue | Villager (Male) |
| 14:33 | Build | Farm |
| 14:51 | Queue | Archer |
| 15:02 | Build | Blacksmith |
| 15:06 | Build | Farm |
| 15:16 | Build | Farm |
| 15:21 | Build | House |
| 15:32 | Build | House |
| 15:34 | Build | House |
| 15:46 | Build | Farm |
| 15:47 | Research | Fletching |
| 16:04 | Queue | Villager (Male) |
| 16:07 | Build | Farm |
| 16:27 | Queue | Spearman |
| 16:31 | Build | Palisade Wall |
| 16:40 | Build | Farm |
| 16:48 | Build | House |
| 16:50 | Build | House |
| 17:02 | Build | Farm |
| 17:07 | Queue | Villager (Male) |
| 17:10 | Research | Horse Collar |
| 17:20 | Build | House |
| 17:26 | Queue | Villager (Male) |
| 17:30 | Build | Farm |
| 17:32 | Queue | Villager (Male) |
| 17:39 | Queue | Villager (Male) |
| 18:05 | Queue | Spearman |
| 18:15 | Build | Farm |
| 18:35 | Build | Watch Tower |
| 18:37 | Queue | Skirmisher |
| 18:38 | Queue | Skirmisher |
| 18:53 | Build | Watch Tower |
| 19:04 | Research | Castle Age |
| 19:12 | Build | Farm |
| 19:51 | Build | Archery Range |
| 20:00 | Queue | Villager (Male) |
| 20:06 | Queue | Skirmisher |
| 20:06 | Queue | Skirmisher |
| 20:09 | Research | Padded Archer Armor |
| 20:25 | Build | Archery Range |
| 20:38 | Queue | Skirmisher |
| 20:38 | Queue | Skirmisher |
| 21:44 | Age | Castle Age |
| 21:46 | Research | Elite Skirmisher (upgrade) |
| 21:50 | Research | Bow Saw |
| 21:54 | Queue | Villager (Male) |
| 21:54 | Queue | Villager (Male) |
| 22:15 | Queue | Villager (Male) |
| 22:39 | Build | Mining Camp |
| 22:40 | Queue | Villager (Male) |
| 22:49 | Research | Crossbowman (upgrade) |
| 22:59 | Research | Leather Archer Armor |
| 23:06 | Queue | Villager (Male) |
| 23:07 | Queue | Villager (Male) |
| 23:22 | Research | Bodkin Arrow |
| 23:28 | Build | Farm |
| 23:29 | Build | Farm |
| 23:29 | Build | Farm |
| 23:30 | Build | Farm |
| 23:30 | Build | Farm |
Build order — akbaba
First 150 of 267 actions detected
| 0:01 | Queue | Villager (Male) |
| 0:01 | Queue | Villager (Male) |
| 0:02 | Build | House |
| 0:04 | Build | House |
| 0:25 | Queue | Villager (Male) |
| 0:25 | Queue | Villager (Male) |
| 1:12 | Queue | Villager (Male) |
| 1:54 | Build | Lumber Camp |
| 2:01 | Queue | Villager (Male) |
| 2:29 | Queue | Villager (Male) |
| 2:55 | Queue | Villager (Male) |
| 2:56 | Queue | Villager (Male) |
| 2:59 | Build | House |
| 3:41 | Queue | Villager (Male) |
| 4:08 | Queue | Villager (Male) |
| 4:28 | Queue | Villager (Male) |
| 4:29 | Queue | Villager (Male) |
| 4:58 | Queue | Villager (Male) |
| 5:03 | Queue | Villager (Male) |
| 5:29 | Research | Double-Bit Axe |
| 5:39 | Build | Mill |
| 5:57 | Research | Loom |
| 6:41 | Queue | Villager (Male) |
| 7:26 | Research | Feudal Age |
| 7:46 | Build | Barracks |
| 8:45 | Build | House |
| 8:50 | Build | House |
| 9:18 | Queue | Villager (Male) |
| 9:35 | Age | Feudal Age |
| 9:36 | Queue | Villager (Male) |
| 9:46 | Build | Stable |
| 10:04 | Queue | Villager (Male) |
| 10:09 | Research | Bow Saw |
| 10:15 | Queue | Flemish Militia |
| 10:46 | Build | House |
| 10:53 | Build | House |
| 10:55 | Queue | Villager (Male) |
| 10:59 | Queue | Scout Cavalry |
| 10:59 | Queue | Scout Cavalry |
| 10:59 | Queue | Scout Cavalry |
| 11:05 | Build | Farm |
| 11:16 | Build | Palisade Wall |
| 11:19 | Build | Palisade Wall |
| 11:21 | Queue | Villager (Male) |
| 11:27 | Build | House |
| 11:32 | Queue | Villager (Male) |
| 11:35 | Queue | Spearman |
| 11:49 | Build | Farm |
| 11:51 | Build | Farm |
| 11:55 | Build | Farm |
| 12:00 | Build | Farm |
| 12:04 | Research | Horse Collar |
| 12:05 | Queue | Villager (Male) |
| 12:09 | Build | Farm |
| 12:19 | Build | Farm |
| 12:32 | Queue | Villager (Male) |
| 12:35 | Build | Farm |
| 12:43 | Build | Farm |
| 13:06 | Build | Archery Range |
| 13:12 | Queue | Villager (Male) |
| 13:13 | Queue | Villager (Male) |
| 13:23 | Build | Mining Camp |
| 13:27 | Build | Farm |
| 13:43 | Build | House |
| 13:44 | Build | House |
| 13:55 | Queue | Scout Cavalry |
| 13:57 | Queue | Villager (Male) |
| 14:20 | Queue | Archer |
| 14:22 | Queue | Villager (Male) |
| 14:24 | Build | Farm |
| 14:30 | Queue | Scout Cavalry |
| 14:38 | Build | House |
| 14:58 | Queue | Villager (Male) |
| 14:59 | Queue | Archer |
| 15:07 | Build | Archery Range |
| 15:21 | Queue | Villager (Male) |
| 15:30 | Build | Lumber Camp |
| 15:42 | Queue | Villager (Male) |
| 15:51 | Queue | Archer |
| 16:02 | Build | Farm |
| 16:04 | Queue | Archer |
| 16:15 | Queue | Villager (Male) |
| 16:21 | Build | Farm |
| 16:24 | Queue | Villager (Male) |
| 16:55 | Queue | Archer |
| 16:56 | Queue | Archer |
| 16:58 | Queue | Villager (Male) |
| 17:01 | Build | Farm |
| 17:13 | Queue | Archer |
| 17:18 | Build | Blacksmith |
| 17:21 | Build | House |
| 17:27 | Queue | Villager (Male) |
| 17:37 | Research | Wheelbarrow |
| 18:04 | Queue | Archer |
| 18:11 | Build | House |
| 18:50 | Research | Castle Age |
| 18:55 | Build | House |
| 19:07 | Research | Fletching |
| 19:38 | Build | House |
| 20:12 | Queue | Archer |
| 20:12 | Queue | Archer |
| 20:12 | Queue | Archer |
| 20:52 | Queue | Archer |
| 20:52 | Queue | Archer |
| 21:01 | Build | House |
| 21:04 | Build | Farm |
| 21:05 | Build | Farm |
| 21:06 | Build | Farm |
| 21:11 | Build | Stable |
| 21:19 | Research | Gold Mining |
| 21:42 | Build | Farm |
| 21:50 | Age | Castle Age |
| 21:58 | Build | Town Center |
| 22:07 | Queue | Knight |
| 22:10 | Queue | Villager (Male) |
| 22:14 | Research | Gold Shaft Mining |
| 22:17 | Research | Two-Man Saw |
| 22:35 | Queue | Villager (Male) |
| 22:43 | Queue | Villager (Male) |
| 23:04 | Build | Town Center |
| 23:13 | Queue | Villager (Male) |
| 23:14 | Queue | Villager (Male) |
| 23:16 | Build | Farm |
| 23:18 | Build | Farm |
| 23:20 | Queue | Villager (Male) |
| 23:29 | Build | Town Center |
| 23:32 | Queue | Villager (Male) |
| 23:39 | Research | Cavalier (upgrade) |
| 23:40 | Research | Husbandry |
| 23:43 | Queue | Villager (Male) |
| 23:49 | Research | Scale Barding Armor |
| 23:50 | Research | Forging |
| 23:56 | Queue | Villager (Male) |
| 24:03 | Build | House |
| 24:11 | Queue | Villager (Male) |
| 24:14 | Queue | Villager (Male) |
| 24:25 | Queue | Villager (Male) |
| 24:39 | Queue | Villager (Male) |
| 24:39 | Queue | Villager (Male) |
| 24:39 | Queue | Villager (Male) |
| 24:44 | Queue | Knight ×2 |
| 24:44 | Queue | Knight ×2 |
| 25:06 | Queue | Villager (Male) |
| 25:06 | Queue | Villager (Male) |
| 25:06 | Queue | Villager (Male) |
| 25:09 | Build | Farm |
| 25:13 | Build | Farm |
| 25:15 | Research | Heavy Plow |
| 25:18 | Build | Farm |
| 25:22 | Queue | Villager (Male) |
Match timeline
| 7:46 | akbaba · first_building Barracks |
| 9:07 | pabloic16 · first_building Barracks |
| 9:35 | akbaba · age_up feudal |
| 9:46 | akbaba · first_building Stable |
| 10:18 | pabloic16 · age_up feudal |
| 10:21 | pabloic16 · first_building Stable |
| 11:16 | akbaba · wall_segment Palisade Wall x8 |
| 11:19 | akbaba · wall_segment Palisade Wall x12 |
| 11:24 | pabloic16 · first_building Archery Range |
| 11:33 | pabloic16 · wall_segment Palisade Wall x6 |
| 11:36 | pabloic16 · wall_segment Palisade Wall x4 |
| 13:06 | akbaba · first_building Archery Range |
| 16:31 | pabloic16 · wall_segment Palisade Wall x6 |
| 21:44 | pabloic16 · age_up castle |
| 21:50 | akbaba · age_up castle |
| 25:41 | pabloic16 · wall_segment Palisade Wall x5 |
| 28:33 | pabloic16 · first_building Monastery |
| 28:50 | akbaba · first_building Siege Workshop |
| 36:01 | pabloic16 · first_market_buy 100 stone |
| 36:06 | pabloic16 · first_building Castle |
| 36:29 | pabloic16 · resign |
[ AI ANALYSIS · 1 CREDIT ]
What really happened in this match?
Wolo.gg analyzes every decision: build order, eco, micro, common mistakes by bracket. Personalized analysis on WhatsApp or Discord in 30 seconds.
Civ guide
Vikings
Perfil
Jugador #2181986